 Dungeon Crawl Stone Soup version 0.31.0-32-g396128a36d (webtiles) character file.

Game seed: 14972767888896457704

146 PaiMei the Grave Robber (level 5, 38/38 HPs)
             Began as a Demonspawn Necromancer on Apr 24, 2024.
             Quit the game on level 2 of the Dungeon.
             The game lasted 00:03:17 (2774 turns).

PaiMei the Grave Robber (Demonspawn Necromancer)    Turns: 2774, Time: 00:03:18

Health: 38/38      AC:  2    Str:  9    XL:     5   Next: 7%
Magic:  9/9        EV: 12    Int: 17    God:
Gold:   57         SH:  0    Dex: 13    Spells: 8/9 levels left

rFire   . . .        c - +2 sling (flame)
rCold   . . .        (no shield)
rNeg    . . .        a - +0 robe
rPois   .            (no helmet)
rElec   .            (no cloak)
rCorr   .            (no gloves)
SInv    .            (no boots)
Will    .....        (no amulet)
Stlth   ++           (no ring)
HPRegen 0.26/turn    (no ring)
MPRegen 0.11/turn

%: no passive effects
@: no status effects
A: claws 2, hooves 1
a: no special abilities


You were on level 2 of the Dungeon.
You visited 1 branch of the dungeon, and saw 2 of its levels.

You collected 57 gold pieces.

Inventory:

Hand Weapons
 c - a +2 sling of flaming (weapon)
 k - a +0 dagger of venom
Armour
 a - a +0 robe (worn)
Scrolls
 e - 2 scrolls of identify {unknown}
 f - 3 scrolls of noise {unknown}
 i - a scroll of silence {unknown}
 l - a scroll of revelation {unknown}
Potions
 b - a potion of magic
 d - a potion of degeneration {unknown}
 g - a potion of enlightenment {unknown}
 h - a potion of berserk rage {unknown}
 j - a potion of brilliance {unknown}


   Skills:
 + Level 1.9 Fighting
 + Level 2.8 Dodging
 - Level 2.0 Stealth
 + Level 2.9 Spellcasting
 + Level 5.1 Necromancy


You had 8 spell levels left.
You knew the following spells:

 Your Spells              Type           Power      Damage    Failure   Level
a - Necrotise             Necr           80%        1d8       2%          1

Your spell library contained the following spells:

 Spells                   Type           Power      Damage    Failure   Level
 Vampiric Draining        Necr           20%        2d7       6%          3
 Slow                     Hex            8%         N/A       19%         1
 Animate Dead             Necr           20%        N/A       22%         4
 Confusing Touch          Hex            2%         N/A       47%         3
 Sigil of Binding         Hex            2%         N/A       47%         3
 Curse of Agony           Necr           20%        N/A       52%         5


Dungeon Overview and Level Annotations

Branches:
Dungeon (2/15)

Altars:


Innate Abilities, Weirdness & Mutations

You have very sharp fingernails.
You have large cloven feet.


Message History

The cerulean imp is heavily wounded.
The cerulean imp hits you with a +2 spear.
* * * LOW HITPOINT WARNING * * *
Natasha mumbles some strange words.
You shoot a sling bullet.
The sling bullet closely misses the cerulean imp.
The sling bullet hits Natasha.
The sling bullet burns Natasha.
Natasha is severely wounded.
The cerulean imp barely misses you.
You shoot a sling bullet. The sling bullet hits the cerulean imp.
The sling bullet burns the cerulean imp.
The cerulean imp is severely wounded.
The cerulean imp barely misses you.
The cerulean imp hits you from afar with a +0 spear.
* * * LOW HITPOINT WARNING * * *
The cerulean imp hits you with a +2 spear.
* * * LOW HITPOINT WARNING * * *
You shoot a sling bullet. The sling bullet hits the cerulean imp.
The sling bullet burns the cerulean imp.
You kill the cerulean imp!
The cerulean imp disappears in a puff of smoke!
The cerulean imp hits you from afar with a +0 spear.
* * * LOW HITPOINT WARNING * * *
Natasha mumbles some strange words.
You shoot a sling bullet. The sling bullet hits Natasha.
The sling bullet burns Natasha.
You kill Natasha!
Natasha growls in agony!
The cerulean imp disappears in a puff of smoke! x2
You have reached level 5!
Your demonic ancestry asserts itself...
Your feet thicken and deform.
You start resting.
Magic restored.
You start resting.
HP restored.
You start waiting.
Done waiting.
Done exploring.
Are you sure you want to abandon this character and quit the game? (Confirm with "yes".)

#........# ### #.##.###.#
##.## #.##.# #.#
##.#.###.##.###.###
###.#................
#####...............#..##
#.........###..#...##..#
#.###.###.###..........#
#.##.#.รท@.....###.####.#
#.###.##..###.# #.# #.##
#.# #.........###'## #...
#.###.##..###.##...######
#..........##.#.....##
#######..............##
##...#.##.........###
#.................'..
##..........[.....###


There were no monsters in sight!

Vanquished Creatures
  Jessica (D:2)
  Natasha (twice) (D:2)
  A ribbon worm (D:2)
  3 dart slugs
  4 ball pythons (D:1)
  3 bats
  9 endoplasms
  3 giant cockroaches
  3 goblins
  5 hobgoblins
  6 jackals (D:1)
  2 quokkas
  7 frilled lizards
  3 kobolds
  5 rats
57 creatures vanquished.

Vanquished Creatures (collateral kills)
  A frilled lizard (D:1)
1 creature vanquished.

Grand Total: 58 creatures vanquished

Notes
Turn   | Place    | Note
-------+----------+-------------------------------------------
     0 | D:1      | PaiMei the Demonspawn Necromancer began the quest for the
                  | Orb.
     0 | D:1      | Reached XP level 1. HP: 13/13 MP: 3/3
   345 | D:1      | Discovered your monstrous ancestry.
   345 | D:1      | Gained mutation: You have sharp fingernails. [demonic
                  | ancestry]
   345 | D:1      | Reached XP level 2. HP: 19/19 MP: 1/5
   794 | D:1      | Reached XP level 3. HP: 20/25 MP: 6/6
   866 | D:1      | Found a faded altar of an unknown god.
  1267 | D:2      | Reached skill level 1 in Fighting
  1891 | D:2      | Noticed Jessica
  1893 | D:2      | Killed Jessica
  1894 | D:2      | Gained mutation: You have very sharp fingernails. [demonic
                  | ancestry]
  1894 | D:2      | Reached XP level 4. HP: 32/32 MP: 6/8
  1920 | D:2      | Noticed Natasha
  1928 | D:2      | Killed Natasha
  1929 | D:2      | Reached skill level 5 in Necromancy
  2530 | D:2      | Noticed Natasha
  2544 | D:2      | Killed Natasha
  2545 | D:2      | Gained mutation: You have large cloven feet. [demonic
                  | ancestry]
  2545 | D:2      | Reached XP level 5. HP: 4/38 MP: 7/9
  2774 | D:2      | Quit the game

Illustrated notes

Levels and vault maps discovered:
D:1:      minmay_arrival_wavy_path, layout_basic,
          hellmonk_ecumenical_altar_zigzags, minmay_lizard_pond
D:2:      layout_loops_corners, item_on_display_a, uniq_jessica, uniq_natasha

Skill      XL: |  1  2  3  4 |
---------------+-------------+-----
Stealth        | 2 |  2.0
Dodging        | 2 |  2.8
Fighting       | 1 |  1.9
Necromancy     | 5 |  5.1
Spellcasting   | |  2.9

Action                     |  1- 3 |  4- 6 || total
---------------------------+-------+-------++-------
  Melee: Unarmed           |     7 |       ||     7
   Fire: Sling             |    85 |    33 ||   118
   Cast: Necrotise         |    31 |     8 ||    39
 Armour: Robe              |    29 |    17 ||    46
  Dodge: Dodged            |    28 |     9 ||    37
